 Dungeon Crawl Stone Soup version 0.30-a0-824-g6c64550be9 (webtiles) character file.

Game seed: 16355377587260243351

102 cforsyth the Sneak (level 5, 0/32 HPs)
             Began as a Kobold Brigand on Feb 28, 2023.
             Succumbed to an adder's poison
             ... in a sewer.
             The game lasted 00:02:21 (2279 turns).

cforsyth the Sneak (Kobold Brigand)                 Turns: 2279, Time: 00:02:22

Health: 0/32       AC:  4    Str:  9    XL:     5   Next: 5%
Magic:  5/5        EV: 15    Int: 12    God:
Gold:   77         SH:  0    Dex: 18    Spells: 4/4 levels left

rFire   . . .      SeeInvis .    a - +2 dagger
rCold   . . .      Faith    .    (no shield)
rNeg    . . .      Spirit   .    b - +0 robe
rPois   .          Reflect  .    (no helmet)
rElec   .          Harm     .    c - +0 cloak
rCorr   .          Rampage  .    (no gloves)
Will    .....                    i - +0 pair of boots
Stlth   ++++                     (no amulet)
HPRegen 0.25/turn                (no ring)
MPRegen 0.09/turn                (no ring)

@: lethally poisoned (0 -> -6)
A: small, no large weapons, nightstalker 3
a: no special abilities


You were in a sewer.
You visited 1 branch of the dungeon, and saw 3 of its levels.
You also visited: Sewer.

You collected 77 gold pieces.

Inventory:

Hand Weapons
 a - a +2 dagger (weapon)
Missiles
 d - 9 poisoned darts (quivered)
 e - 3 curare-tipped darts
Armour
 b - a +0 robe (worn)
 c - a +0 cloak (worn)
 i - a +0 pair of boots (worn)
Jewellery
 j - a ring of ice
Scrolls
 h - a scroll of magic mapping
 k - a scroll of identify {unknown}
 l - 2 scrolls of blinking {unknown}
Potions
 g - a potion of haste {unknown}


   Skills:
 + Level 3.2 Fighting
 + Level 4.0 Short Blades
 - Level 2.1 Throwing
 + Level 2.7 Dodging
 + Level 6.1 Stealth


You had 4 spell levels left.
You didn't know any spells.
Your spell library was empty.

Dungeon Overview and Level Annotations

Branches:
Dungeon (3/15)              Sewer (1/1)

Altars:


Innate Abilities, Weirdness & Mutations

You are small and have problems with some larger weapons.
You are completely attuned to the shadows.


Message History

You closely miss the river rat.
The river rat is almost dead.
The adder bites you but does no damage. The river rat completely misses you.
You hit the river rat but do no damage.
The river rat is almost dead.
The adder barely misses you. The river rat closely misses you.
You hit the river rat.
You kill the river rat!
The adder barely misses you.
You have reached level 5!
You feel stronger.
You hit the adder.
The adder is lightly wounded.
The adder bites you but does no damage.
You barely miss the adder.
The adder is lightly wounded.
The adder bites you but does no damage.
You hit the adder.
The adder is moderately wounded.
The adder bites you but does no damage.
You barely miss the adder.
The adder is moderately wounded.
The adder bites you.
* * * LOW HITPOINT WARNING * * *
You hit the adder.
The adder is heavily wounded.
The adder closely misses you.
You hit the adder.
The adder is severely wounded.
The adder bites you.
* * * LOW HITPOINT WARNING * * *
You closely miss the adder.
The adder is severely wounded.
The adder bites you.
* * * LOW HITPOINT WARNING * * *
You are lethally poisoned!
The adder poisons you!
You hit the adder.
The adder is almost dead.
You die...

~~.~...# #~....#
#..~# #~# #~# #~#
##~## #####
##S~.## ##...##
#~~@∩~####÷....#
≈≈~~∩..~~~~÷....#
##.~~..####).~~.#
##~~~## ##~~.##
##≈## ##~## #≈
#~# #~# #~# ##~##


You could see an adder.

Vanquished Creatures
  3 adders
  A river rat (Sewer)
  2 worms (Sewer)
  2 dart slugs (D:1)
  7 endoplasms
  3 giant cockroaches
  3 hobgoblins
  4 jackals (D:1)
  3 kobolds
  4 quokkas
  5 ball pythons
  4 bats (D:1)
  3 frilled lizards
  4 goblins (D:1)
  6 rats
54 creatures vanquished.

Notes
Turn   | Place    | Note
-------+----------+-------------------------------------------
     0 | D:1      | cforsyth the Kobold Brigand began the quest for the Orb.
     0 | D:1      | Reached XP level 1. HP: 12/12 MP: 1/1
    93 | D:1      | Reached XP level 2. HP: 18/18 MP: 2/2
   112 | D:1      | Found a faded altar of an unknown god.
   298 | D:1      | Reached XP level 3. HP: 11/22 MP: 3/3
   298 | D:1      | You fall into a shaft and drop 1 floor!
   950 | D:2      | Reached XP level 4. HP: 27/27 MP: 4/4
  1842 | D:3      | Reached skill level 6 in Stealth
  1867 | D:3      | Found a glowing drain.
  1901 | Sewer    | Entered a sewer
  2272 | Sewer    | Reached XP level 5. HP: 9/32 MP: 5/5
  2279 | Sewer    | Succumbed to an adder's poison

Illustrated notes

Levels and vault maps discovered:
D:1:      minmay_arrival_loop, layout_rooms,
          shapermc_ecumenical_altar_mp_vishouse
D:2:      layout_basic
D:3:      layout_loops_ring, gup_sewer_entry_glass, kennysheep_jessica_study
Sewer:    sewer_co_15_rooms

Skill      XL: |  1  2  3  4 |
---------------+-------------+-----
Short Blades   | 3 4 |  4.0
Dodging        | 2 |  2.7
Fighting       | 3 |  3.2
Stealth        | 6 |  6.1
Throwing       | |  2.1

Action                     |  1- 3 |  4- 6 || total
---------------------------+-------+-------++-------
  Melee: Dagger            |    90 |   101 ||   191
         Punch             |       |     2 ||     2
    Use: Potion            |       |     4 ||     4
         Scroll            |       |     1 ||     1
   Stab: Sleeping          |     9 |     8 ||    17
         Distracted        |     1 |     1 ||     2
 Armour: Robe              |    28 |    26 ||    54
  Dodge: Dodged            |    95 |    80 ||   175

Table legend: (Time is in decaauts)
 A = Elapsed time spent in this place.
 B = Non-inter-level travel time spent in this place.
 C = Inter-level travel time spent in this place.
 D = Time resting spent in this place.
 E = Time spent auto-exploring this place.
 F = Levels seen in this place.
 G = Mean time per level.
                   A        B        C        D        E       F      G
               +--------+--------+--------+--------+--------+-----+--------+
         Total |   2266 |   2234 |     32 |    252 |   1578 |   4 |  566.5 |
       Dungeon |   1881 |   1849 |     32 |      0 |   1525 |   3 |  627.0 |
         Sewer |    385 |    385 |      0 |    252 |     53 |   1 |  385.0 |
               +--------+--------+--------+--------+--------+-----+--------+

Top non-repeatable levels by time:
     D:2: 1111 daAuts
     D:1: 707 daAuts
   Sewer: 385 daAuts
     D:3: 62 daAuts
